 Dungeon Crawl Stone Soup version 0.30-a0-726-gd89dcf765f (webtiles) character file.

Game seed: 8861444604356077785

104654 demibob the Fencer (level 15, -3/130 HPs)
             Began as a Demonspawn Berserker on Jan 29, 2023.
             Was a High Priest of Trog.
             Slain by an orc knight
             ... wielding a +2 halberd
              (18 damage)
             ... on level 2 of the Orcish Mines.
             The game lasted 00:45:02 (24954 turns).

demibob the Fencer (Demonspawn Berserker)          Turns: 24954, Time: 00:45:03

Health: -3/130     AC: 21    Str: 20    XL:     15   Next: 92%
Magic:  15/15      EV: 10    Int:  8    God:    Trog [*****.]
Gold:   2252       SH:  4    Dex: 22    Spells: 14/14 levels left

rFire   . . .      SeeInvis .    a - +3 triple sword (flame)
rCold   + + .      Faith    +    (shield currently unavailable)
rNeg    . . .      Spirit   .    k - +0 ice dragon scales
rPois   +          Reflect  .    D - +0 helmet of the Ten Spirits {rCorr Dex+4}
rElec   .          Harm     .    (no cloak)
rCorr   +          Rampage  .    (no gloves)
Will    +++..                    O - +0 pair of boots Stlth
                                 u - amulet of faith {!P}
HPRegen 1.41/turn                F - ring of protection from fire
MPRegen 0.14/turn                P - ring of poison resistance

@: strong-willed, on berserk cooldown, regenerating, slowed, studying Ranged
Weapons, very slow
A: rugged brown scales 1, icemail 1, spiny 2, condensation shield, demonic touch
2
a: Renounce Religion, Berserk, Trog's Hand, Brothers in Arms


You were on level 2 of the Orcish Mines.
You worshipped Trog.
Trog was extremely pleased with you.
You visited 3 branches of the dungeon, and saw 21 of its levels.
You also visited: Ossuary and Ice Cave.

You collected 2484 gold pieces.
You spent 232 gold pieces at shops.


Innate Abilities, Weirdness & Mutations

You are partially covered in rugged brown scales. (AC +1, +3% HP)
A meltable icy envelope protects you from harm. (AC +4)
You are mostly covered in sharp spines.
A meltable shield of frost defends you. (SH +4)
Your touch may inflict irresistible damage on your foes.


   Skills:
 + Level 14.6 Fighting
 + Level 20.2 Long Blades
 - Level 11.6 Armour
 - Level 1.7 Dodging


You had 14 spell levels left.
You didn't know any spells.
Your spell library was empty.

Inventory:

Hand Weapons
 a - a +3 triple sword of flaming (weapon)
 E - a +4 double sword of flaming
 S - a +3 antimagic great sword
Missiles
 g - 8 atropa-tipped darts (quivered)
 q - 13 poisoned darts
Armour
 d - a +1 ring mail of cold resistance
 h - an orb of light
 k - +0 ice dragon scales (worn)
 D - the +0 helmet of the Ten Spirits (worn) {rCorr Dex+4}
   (You found it on level 5 of the Lair of Beasts)

   Dex:       It affects your dexterity (+4).
   rCorr:     It protects you from acid and corrosion.
 J - a scarf of harm
 O - a +0 pair of boots (worn)
Jewellery
 f - a ring of protection from fire
 u - an amulet of faith (around neck) {!P}
 F - a ring of protection from fire (left hand)
 L - a ring of flight
 P - a ring of poison resistance (right hand)
 W - a ring of willpower
Wands
 n - a wand of roots (39)
 y - a wand of flame (29)
 A - a wand of paralysis (8)
 G - a wand of digging (2)
Scrolls
 e - 2 scrolls of teleportation {@r2}
 l - 3 scrolls of blinking
 o - 7 scrolls of immolation
 p - 3 scrolls of enchant armour
 r - 12 scrolls of identify {@r1}
 w - 5 scrolls of enchant weapon
 T - a scroll of fear
Potions
 c - 3 potions of haste {@q3}
 i - 5 potions of lignification
 j - a potion of might
 t - 6 potions of curing {@q1}
 v - 2 potions of cancellation
 z - 2 potions of flight
 C - 6 potions of ambrosia
 I - 2 potions of resistance
 K - 2 potions of magic
 U - 7 potions of mutation
Miscellaneous
 m - a condenser vane
 s - a box of beasts (inert)
 x - a phantom mirror
 B - a phial of floods

Dungeon Overview and Level Annotations

Branches:
Dungeon (14/15)            Temple (0/1) D:7            Lair (5/5) D:11
  Swamp (0/4) Lair:2       Spider (0/4) Lair:3        Slime (0/5) Lair:5
    Orc (2/2) D:10            Elf (0/3) Orc:2        Vaults (0/5) D:13
Ossuary (visited)           IceCv (visited)

Altars:
Ashenzari
Fedhas
Gozag
Kikubaaqudgha
Okawaru
Ru
Trog
Vehumet
Jiyva

Shops:
D:4 :   D:14 *   Orc:2 =(*

Annotations:
Orc:2 2 runed translucent doors, browni3141's ghost, journeyman TrBe

##.......P.. .....
##..P.....P.. .....
##....8....... #...
##.......∩...P. #...
##...P..........#####.o
#......P.)......#.#.#..
#.#...................
##...To..........#....
#..).@#.P....#.##....#
##)#.##.#.....##....#.
##.###.....#.####.####
#...#.........# ## #
##)##..P.....## .
##.......P..... ..
#..o.......... #..
#.......... ...
#..)....... P...


You could see an orc knight (ally target) and a friendly iron troll (summoned,
berserk).


Message History

Saint Roka invokes the aid of Beogh against you.
Beogh smites you!
* * * LOW HITPOINT WARNING * * *
You slice Saint Roka!! You burn Saint Roka.
You kill Saint Roka!
Trog accepts your kill.
Your life force feels restored.
You start resting.
You feel a strong urge to attack something.
Unknown command.
You start resting.
You are no longer berserk.
You are exhausted.
You feel yourself slow down.
You start resting.
Your iron troll rages.
The orc knight hits you from afar with a +2 halberd.
* * * LOW HITPOINT WARNING * * *
An orc knight is nearby!
Your iron troll bites the orc knight!!
Your iron troll claws the orc knight.
Your iron troll closely misses the orc knight.
The orc knight hits you but does no damage.
Your iron troll completely misses the orc knight.
Your iron troll claws the orc knight.
Your iron troll claws the orc knight but does no damage.
You closely miss the orc knight.
The orc knight is moderately wounded.
The orc knight is struck by your spines.
The orc knight hits you with a +2 halberd!!
You die...

Skill      XL: |  1  2  3  4  5  6  7  8  9 10 11 12 13 14 15 |
---------------+----------------------------------------------+-----
Long Blades    | 3 4 5 6 7 9 11 13 14 15 16 17 19 20 | 20.2
Armour         | 5 7 10 11 | 11.6
Fighting       | 6 9 11 12 14 | 14.6
Dodging        | |  1.7

Action                     |  1- 3 |  4- 6 |  7- 9 | 10-12 | 13-15 || total
---------------------------+-------+-------+-------+-------+-------++-------
  Melee: Falchion          |    92 |    70 |   232 |   522 |   129 ||  1045
         Touch             |       |    13 |    47 |   118 |   186 ||   364
         Punch             |       |     1 |     5 |     9 |    16 ||    31
         Double sword      |       |       |       |       |   654 ||   654
         Triple sword      |       |       |       |       |    77 ||    77
  Throw: Dart              |       |       |     1 |     1 |       ||     2
 Invoke: Berserk           |       |     1 |     2 |     2 |     4 ||     9
         Trog's Hand       |       |       |       |     1 |     6 ||     7
         Brothers in Arms  |       |       |       |     2 |     3 ||     5
  Evoke: Wand              |       |       |       |    12 |    39 ||    51
         Condenser vane    |       |       |       |     1 |     3 ||     4
         Box of beasts     |       |       |       |       |     1 ||     1
    Use: Scroll            |     4 |     4 |    10 |    10 |    20 ||    48
         Potion            |       |       |     4 |     4 |    12 ||    20
   Stab: Sleeping          |     3 |       |       |       |       ||     3
         Distracted        |       |       |     5 |    13 |     4 ||    22
         Paralysed         |       |       |       |     2 |       ||     2
         Confused          |       |       |       |       |     6 ||     6
         Invisible         |       |       |       |       |     1 ||     1
 Armour: Animal skin       |     9 |     2 |    30 |     1 |       ||    42
         Ring mail         |       |       |       |    64 |       ||    64
         Ice dragon scales |       |       |       |    31 |   328 ||   359
  Dodge: Dodged            |    52 |    31 |   102 |   155 |   282 ||   622
  Block: Other             |       |       |       |    58 |   108 ||   166

Levels and vault maps discovered:
D:1:      wander_arrival_fairy_ring, layout_basic
D:2:      layout_basic, nicolae_ecumenical_pavilion, minmay_rat_gold_closets
D:3:      layout_loops_ring, trog_antimagical, nicolae_ashenzari_skybound,
          nicolae_overflow_crystal_walls
D:4:      layout_basic, serial_shops,
          nicolae_shop_temple_entry_statues_fountains, cheibrodos_gnoll_hut,
          uniq_robin
D:5:      layout_basic, okawaru_ov_weapons_minmay, kennysheep_potato, uniq_ijyb
D:6:      layout_loops_ring, mainiacjoe_overflow_surrounded_room,
          cheibrodos_sewer_entry_drain, minmay_misc_feat_tower,
          minmay_unpleasant_kobolds, uniq_grinder
D:7:      layout_basic, vehumet_altar_wand_db,
          minmay_temple_entry_statues_fountains
D:8:      minmay_bloctagon_deflated, layout_basic, enter_ossuary_4,
          roderic_st_hans_cross, uniq_joseph, uniq_grum, uniq_erica
D:9:      layout_loops_corners
D:10:     layout_loops_corners, orc_0_dummy, serial_ice, serial_ice_g,
          serial_ice_i, serial_ice_d, serial_ice_a, serial_ice_m, serial_ice_f,
          serial_ice_n
D:11:     layout_basic, dpeg_oklobed_lair, uniq_nergalle
D:12:     layout_basic
D:13:     layout_loops_ring, erik_vaults_2, uniq_lodul
D:14:     layout_gridville, portal_ice_cave_entry_frozen_things, serial_shops,
          shop, chequers_hall_statues_corner_a, kennysheep_pointless_box,
          kennysheep_small_spiral, uniq_louise
Lair:1:   layout_concentric_octagons, special_room [special_room_bee],
          gammafunk_ghost_cemetery, lemuel_centaur_altar,
          infiniplex_staircase_pool_2, uniq_gastronok, uniq_sonja
Lair:2:   layout_cave_pods, minmay_swamp_entry_reptiles, uniq_amaemon
Lair:3:   layout_roguey, spider_nest_entry_web_field, basic_altar,
          grunt_forest_stairs_clearing, uniq_nessos, uniq_kirke
Lair:4:   layout_regular_city
Lair:5:   hangedman_lair_tendril_chambers, layout_misc_corridors, slime_entry_1,
          dreamdust_mushroom_princess, grunt_megastairs_5
Orc:1:    layout_diamond_mine
Orc:2:    grunt_orc_gardens, layout_caves, grunt_orc_garden, grunt_orc_garden,
          grunt_orc_garden, grunt_orc_garden, serial_shops, bzr_entry_safe,
          ebering_ghost_disaster_area, abandoned_shop, uniq_saint_roka,
          uniq_donald

Notes
Turn   | Place    | Note
-------+----------+-------------------------------------------
     0 | D:1      | demibob the Demonspawn Berserker began the quest for the
                  | Orb.
     0 | D:1      | Reached XP level 1. HP: 18/18 MP: 1/1
    74 | D:1      | Reached skill level 3 in Long Blades
   128 | D:1      | Gained mutation: You are partially covered in sharp spines.
                  | [demonic ancestry]
   128 | D:1      | Reached XP level 2. HP: 24/24 MP: 2/2
   938 | D:2      | Found a faded altar of an unknown god.
   944 | D:2      | Reached XP level 3. HP: 29/29 MP: 3/3
  1144 | D:2      | Reached ** piety under Trog
  1353 | D:2      | Reached skill level 4 in Long Blades
  1790 | D:3      | Found a sacrificial altar of Ru.
  2017 | D:3      | Found a broken altar of Ashenzari.
  2059 | D:3      | Found a bloodstained altar of Trog.
  2068 | D:3      | Reached XP level 4. HP: 31/35 MP: 2/4
  2447 | D:4      | Noticed an ogre
  2447 | D:4      | Noticed an ogre
  2452 | D:4      | Killed an ogre
  2453 | D:4      | Reached skill level 5 in Long Blades
  2453 | D:4      | Gained mutation: Your touch may inflict minor irresistible
                  | damage on your foes. [demonic ancestry]
  2453 | D:4      | Reached XP level 5. HP: 41/41 MP: 5/5
  2455 | D:4      | Killed an ogre
  2456 | D:4      | Reached skill level 6 in Long Blades
  2563 | D:4      | Reached XP level 6. HP: 40/47 MP: 6/6
  2733 | D:4      | Reached *** piety under Trog
  2912 | D:4      | Reached skill level 7 in Long Blades
  3027 | D:4      | Found Jufotyno's Book Emporium.
  3131 | D:4      | Noticed Robin
  3149 | D:4      | Killed Robin
  3186 | D:4      | Reached XP level 7. HP: 33/52 MP: 7/7
  3396 | D:5      | Entered Level 5 of the Dungeon
  3670 | D:5      | Found an iron altar of Okawaru.
  3783 | D:5      | Noticed Ijyb
  3891 | D:5      | Killed Ijyb
  4113 | D:5      | Reached skill level 8 in Long Blades
  4366 | D:6      | Reached **** piety under Trog
  4456 | D:6      | Found a blossoming altar of Fedhas.
  4485 | D:6      | You fall into a shaft and drop 2 floors!
  4519 | D:8      | Found a sand-covered staircase.
  4526 | Ossuary  | Entered an ossuary
  4666 | Ossuary  | Reached skill level 9 in Long Blades
  4666 | Ossuary  | Reached XP level 8. HP: 51/58 MP: 8/8
  4773 | D:8      | Reached ***** piety under Trog
  4814 | D:7      | Found a radiant altar of Vehumet.
  4855 | D:7      | Found a staircase to the Ecumenical Temple.
  5332 | D:6      | Reached skill level 10 in Long Blades
  5377 | D:6      | Noticed Grinder
  5399 | D:6      | Paralysed by Grinder for 5 turns
  5409 | D:6      | Killed Grinder
  5781 | D:6      | Identified 2 scrolls of acquirement
  5781 | D:6      | Acquired a manual of Ranged Weapons
  5783 | D:6      | Acquired 824 gold pieces
  6045 | D:7      | Reached skill level 11 in Long Blades
  6050 | D:7      | Reached XP level 9. HP: 41/63 MP: 9/9
  6646 | D:8      | Noticed Grum
  6664 | D:8      | Killed Grum
  6931 | D:8      | Noticed Joseph
  6946 | D:8      | Killed Joseph
  6947 | D:8      | Reached skill level 12 in Long Blades
  6976 | D:8      | Noticed Erica
  6983 | D:8      | Killed Erica
  6984 | D:8      | Reached skill level 13 in Long Blades
  7118 | D:8      | Noticed a two-headed ogre
  7128 | D:8      | Killed a two-headed ogre
  7129 | D:8      | Gained mutation: A meltable shield of frost defends you.
                  | (SH +4) [demonic ancestry]
  7129 | D:8      | Reached XP level 10. HP: 30/70 MP: 10/10
  7234 | D:8      | Noticed a brown ugly thing
  7242 | D:8      | Killed a brown ugly thing
  7528 | D:8      | Reached skill level 14 in Long Blades
  7533 | D:8      | Reached skill level 2 in Armour
  7848 | D:9      | Reached skill level 4 in Fighting
  7848 | D:9      | Reached skill level 3 in Armour
  8067 | D:9      | Noticed a two-headed ogre
  8075 | D:9      | Killed a two-headed ogre
  8076 | D:9      | Reached skill level 5 in Fighting
  8076 | D:9      | Reached skill level 4 in Armour
  8455 | D:9      | Reached skill level 5 in Armour
  8461 | D:9      | Reached skill level 6 in Fighting
  8690 | D:9      | Gained mutation: You are partially covered in rugged brown
                  | scales. (AC +1, +3% HP) [demonic ancestry]
  8690 | D:9      | Reached XP level 11. HP: 56/83 MP: 11/11
  8702 | D:9      | Received a gift from Trog
  9089 | D:10     | Entered Level 10 of the Dungeon
  9156 | D:10     | Reached skill level 7 in Fighting
  9603 | D:10     | Found a staircase to the Orcish Mines.
  9988 | D:10     | Reached skill level 8 in Fighting
 10507 | D:11     | Found a staircase to the Lair.
 10567 | D:11     | Noticed Nergalle
 10586 | D:11     | Killed Nergalle
 10652 | D:11     | Reached skill level 9 in Fighting
 11075 | D:11     | Identified 2 potions of resistance
 11141 | Lair:1   | Entered Level 1 of the Lair of Beasts
 11160 | Lair:1   | Reached skill level 15 in Long Blades
 11312 | Lair:1   | Noticed Gastronok
 11327 | Lair:1   | Killed Gastronok
 11328 | Lair:1   | Gained mutation: Your touch may inflict irresistible damage
                  | on your foes. [demonic ancestry]
 11328 | Lair:1   | Reached XP level 12. HP: 88/99 MP: 12/12
 11363 | Lair:1   | Found a runed translucent gate.
 11363 | Lair:1   | Found a runed translucent gate.
 11368 | Lair:1   | Found a runed translucent gate.
 11369 | Lair:1   | Noticed Rijiq's ghost (journeyman GrEE)
 11370 | Lair:1   | Noticed BubbleThief's ghost (journeyman MfGl)
 11370 | Lair:1   | Noticed Abyshratz's ghost (journeyman MfGl)
 11573 | Lair:1   | Reached skill level 10 in Fighting
 11723 | Lair:1   | Received a gift from Trog
 11926 | Lair:1   | Found an ancient bone altar of Kikubaaqudgha.
 12394 | Lair:1   | Noticed Sonja
 12400 | Lair:1   | Killed Sonja
 12872 | Lair:1   | Killed BubbleThief's ghost
 12875 | Lair:1   | Killed Rijiq's ghost
 12877 | Lair:1   | Killed Abyshratz's ghost
 12878 | Lair:1   | Reached skill level 11 in Fighting
 13150 | Lair:2   | Reached skill level 6 in Armour
 13155 | Lair:2   | Reached skill level 16 in Long Blades
 13696 | Lair:2   | Reached skill level 7 in Armour
 13713 | Lair:2   | Noticed Amaemon
 13955 | Lair:2   | Killed Amaemon
 14135 | Lair:2   | Gained mutation: A meltable icy envelope protects you from
                  | harm. (AC +4) [demonic ancestry]
 14135 | Lair:2   | Reached XP level 13. HP: 107/109 MP: 13/13
 14230 | Lair:2   | Found a staircase to the Swamp.
 14767 | Lair:3   | Reached skill level 8 in Armour
 14864 | Lair:3   | Found an opulent altar of Gozag.
 14969 | Lair:3   | Noticed Kirke
 15010 | Lair:3   | Killed Kirke
 15230 | Lair:3   | Found a hole to the Spider Nest.
 15286 | Lair:3   | Noticed Nessos
 15300 | Lair:3   | Killed Nessos
 15301 | Lair:3   | Reached skill level 17 in Long Blades
 15430 | Lair:3   | Received a gift from Trog
 15752 | Lair:4   | Reached skill level 9 in Armour
 16838 | Lair:5   | Entered Level 5 of the Lair of Beasts
 16939 | Lair:5   | Reached skill level 10 in Armour
 17048 | Lair:5   | Gained mutation: You are mostly covered in sharp spines.
                  | [demonic ancestry]
 17048 | Lair:5   | Reached XP level 14. HP: 79/116 MP: 14/14
 17127 | Lair:5   | Reached skill level 18 in Long Blades
 17304 | Lair:5   | Reached skill level 11 in Armour
 17435 | Lair:5   | Received a gift from Trog
 17982 | Lair:5   | Found a staircase to the Slime Pits.
 17983 | Lair:5   | Found a viscous altar of Jiyva.
 18304 | Lair:5   | Identified the +0 helmet of the Ten Spirits {rCorr Dex+4}
 20266 | D:13     | Noticed Lodul
 20275 | D:13     | Killed Lodul
 20289 | D:13     | Received a gift from Trog
 20386 | D:13     | Found a gate to the Vaults.
 20395 | D:13     | Reached skill level 12 in Fighting
 20684 | D:13     | Reached skill level 19 in Long Blades
 21104 | D:13     | Reached XP level 15. HP: 125/125 MP: 15/15
 21854 | D:14     | Found a frozen archway.
 21871 | IceCv    | Entered an ice cave
 22062 | IceCv    | Reached skill level 13 in Fighting
 22333 | IceCv    | Received a gift from Trog
 22866 | IceCv    | Noticed an Ice Fiend
 22866 | IceCv    | Noticed an Ice Fiend
 22872 | IceCv    | Killed an Ice Fiend
 22876 | IceCv    | Killed an Ice Fiend
 23339 | D:14     | Identified the +1 leather armour of Miriwime {Dex+2}
 23473 | D:14     | Noticed Louise
 23498 | D:14     | Killed Louise
 23714 | D:14     | Found Xarul's General Store.
 23721 | D:14     | Bought a scroll of blinking for 112 gold pieces
 23721 | D:14     | Bought a potion of invisibility for 120 gold pieces
 24297 | Orc:1    | Entered Level 1 of the Orcish Mines
 24381 | Orc:1    | Reached skill level 14 in Fighting
 24521 | Orc:2    | Entered Level 2 of the Orcish Mines
 24524 | Orc:2    | Found a staircase to the Elven Halls.
 24524 | Orc:2    | Noticed Saint Roka
 24524 | Orc:2    | Noticed Donald
 24532 | Orc:1    | >>pft
 24543 | Orc:2    | Killed Donald
 24564 | Orc:2    | Reached skill level 20 in Long Blades
 24580 | Orc:2    | Found a large runed translucent door.
 24581 | Orc:2    | Found a large runed translucent door.
 24584 | Orc:2    | Noticed browni3141's ghost (journeyman TrBe)
 24710 | Orc:2    | Reached ****** piety under Trog
 24780 | Orc:2    | Found Tumaq's General Store.
 24780 | Orc:2    | Found Tatzoegh's Antique Weapon Shop.
 24849 | Orc:2    | Found Ytockuwn's Jewellery Shop.
 24945 | Orc:2    | HP: 11/192 [Saint Roka/divine providence (15)]
 24946 | Orc:2    | Killed Saint Roka
 24952 | Orc:2    | HP: 11/130 [orc knight/+2 halberd (5)]
 24954 | Orc:2    | Slain by an orc knight

Vanquished Creatures
  Saint Roka (Orc:2)
  2 Ice Fiends (IceCv)
  Kirke (Lair:3)
  Gastronok (Lair:1)
  Donald (Orc:2)
  Louise (D:14)
  An orc warlord (Orc:2)
  Nessos (Lair:3)
  2 caustic shrike simulacra (IceCv)
  8 vault guards (D:13)
  2 hydras (D:13)
  Erica (D:8)
  4 centaur warriors
  2 two-headed ogres
  3 boulder beetles
  A catoblepas (Lair:5)
  5 death yaks (Lair:4)
  A tengu warrior (D:14)
  2 orc high priests (Orc:2)
  Nergalle (D:11)
  Amaemon (Lair:2)
  Sonja (Lair:1)
  Lodul (D:13)
  2 bog bodies (IceCv)
  A lindwurm (Lair:2)
  2 obsidian statues (IceCv)
  2 orc knights (Orc:2)
  4 orc sorcerers (Orc:2)
  6 ugly things
  4 cyclopes
  A wolf spider (Lair:5)
  A manticore (D:14)
  A guardian serpent (Lair:5)
  22 elephants
  Joseph (D:8)
  4 black mambas (Lair:5)
  An orange demon (Lair:2)
  17 cane toads
  8 freezing wraiths
  A rime drake (Lair:2)
  A gargoyle (D:11)
  A kobold demonologist (D:11)
  7 komodo dragons
  An anaconda simulacrum (IceCv)
  2 ice devils (IceCv)
  A golden dragon simulacrum (IceCv)
  A queen bee (Lair:1)
  3 polar bears
  5 trolls
  3 meliai (D:14)
  Grinder (D:6)
  A meliai (shapeshifter) (D:13)
  3 hornets (Lair:5)
  A tarantella (shapeshifter) (D:13)
  23 blink frogs
  7 dream sheep (Lair:5)
  3 slime creatures (D:13)
  2 centaur simulacra (D:10)
  A spriggan (Lair:3)
  6 wraiths
  3 vampires
  12 wyverns
  70 yaks
  A water elemental (D:14)
  An unseen horror simulacrum (D:10)
  3 hogs (Lair:3)
  A redback (Lair:5)
  2 basilisks
  A steam dragon (Lair:3)
  4 wargs (Orc:2)
  Grum (D:8)
  13 vampire mosquitoes
  2 acid dragons
  28 water moccasins
  A floating eye (shapeshifter) (D:14)
  3 hydra simulacra (IceCv)
  15 orc warriors
  A sky beast (D:7)
  A black bear (Lair:3)
  An alligator simulacrum (IceCv)
  5 ettin simulacra (IceCv)
  4 ice beasts
  A swamp drake (Lair:2)
  19 ogres
  18 wolves
  12 centaurs
  2 kobold brigands
  A gnoll sergeant (D:6)
  10 bullfrogs
  7 wights
  23 killer bees
  8 electric eels
  7 howler monkeys
  3 centaur zombies (Ossuary)
  A gnoll bouda (D:6)
  2 jellies (D:4)
  5 hounds
  8 orc priests
  2 human zombies (Ossuary)
  2 iguanas
  Ijyb (D:5)
  11 orc wizards
  5 hell rats (Lair:5)
  2 mummies (Ossuary)
  Robin (D:4)
  12 gnolls
  6 adders
  A shadow imp (D:5)
  2 white imps (D:10)
  2 ufetubi
  3 worms
  A dart slug (D:5)
  42 orcs
  5 ball pythons
  4 endoplasms
  2 giant cockroaches (D:1)
  12 goblins
  12 hobgoblins
  5 jackals
  5 quokkas
  4 bats
  2 frilled lizards (D:1)
  4 goblin zombies
  9 hobgoblin zombies (Ossuary)
  A jackal zombie (Ossuary)
  11 kobolds
  11 kobold zombies (Ossuary)
  7 orc zombies (Ossuary)
  A quokka zombie (D:8)
  12 rats
  A rat zombie (Ossuary)
696 creatures vanquished.

Vanquished Creatures (collateral kills)
  The ghost of BubbleThief the Impaler, a journeyman MfGl of Fedhas (Lair:1)
  The ghost of Abyshratz the Impaler, a journeyman MfGl of Fedhas (Lair:1)
  The ghost of Rijiq the Geomancer, a journeyman GrEE of Vehumet (Lair:1)
  A death yak (Lair:4)
  A tengu warrior (D:14)
  2 yaks
7 creatures vanquished.

Vanquished Creatures (others)
  An unseen horror (D:12)
  2 bushes (Lair:5)
  75 fungi
  79 plants
157 creatures vanquished.

Grand Total: 860 creatures vanquished

Table legend: (Time is in decaauts)
 A = Elapsed time spent in this place.
 B = Non-inter-level travel time spent in this place.
 C = Inter-level travel time spent in this place.
 D = Time resting spent in this place.
 E = Time spent auto-exploring this place.
 F = Levels seen in this place.
 G = Mean time per level.
                   A        B        C        D        E       F      G
               +--------+--------+--------+--------+--------+-----+--------+
         Total |  24537 |  23588 |    949 |   3444 |  16528 |  23 | 1066.8 |
       Dungeon |  14760 |  14139 |    621 |   1256 |  11035 |  14 | 1054.3 |
          Lair |   7601 |   7303 |    298 |   1143 |   4989 |   5 | 1520.2 |
  Orcish Mines |    615 |    586 |     29 |     83 |    266 |   2 |  307.5 |
       Ossuary |    234 |    234 |      0 |      0 |    115 |   1 |  234.0 |
      Ice Cave |   1325 |   1325 |      0 |    962 |    122 |   1 | 1325.0 |
               +--------+--------+--------+--------+--------+-----+--------+

Top non-repeatable levels by time:
  Lair:5: 1912 daAuts
  Lair:1: 1808 daAuts
  Lair:2: 1711 daAuts
    D:12: 1710 daAuts
    D:10: 1403 daAuts
   IceCv: 1325 daAuts
     D:9: 1291 daAuts
     D:8: 1192 daAuts
  Lair:3: 1166 daAuts
    D:13: 1131 daAuts
     D:6: 1126 daAuts
     D:4: 1017 daAuts
    D:14: 1002 daAuts
  Lair:4: 1002 daAuts
     D:5: 962 daAuts

Table legend:
 A = Non-vault XP
 B = Vault XP
 C = Vault XP percentage of total XP
 D = Non-vault monster count
 E = Vault monster count
 F = Vault count percentage of total count
                 A         B        C        D         E       F
            +---------+---------+-------+---------+---------+-------
      Total |   81733 |   67774 |  45.3 |     430 |     274 |  38.9
            +---------+---------+-------+---------+---------+-------
        D:1 |      39 |       0 |   0.0 |      23 |       0 |   0.0
        D:2 |      14 |       7 |  33.3 |       6 |       7 |  53.8
        D:3 |      19 |      19 |  50.0 |      10 |       3 |  23.1
        D:4 |     567 |     133 |  19.0 |      26 |      14 |  35.0
        D:5 |     177 |      99 |  35.9 |      11 |       3 |  21.4
        D:6 |     692 |     406 |  37.0 |      31 |      10 |  24.4
        D:7 |     713 |       2 |   0.3 |       9 |       1 |  10.0
        D:8 |     616 |    3377 |  84.6 |       8 |      11 |  57.9
        D:9 |    5129 |       0 |   0.0 |      29 |       0 |   0.0
       D:10 |    2988 |    1588 |  34.7 |      21 |      12 |  36.4
       D:11 |    2053 |     790 |  27.8 |      10 |       1 |   9.1
       D:12 |    4473 |       0 |   0.0 |      22 |       0 |   0.0
       D:13 |    8978 |    8708 |  49.2 |      23 |      18 |  43.9
       D:14 |    8966 |    2341 |  20.7 |      18 |       4 |  18.2
     Lair:1 |    3905 |    6659 |  63.0 |      20 |      27 |  57.4
     Lair:2 |    9846 |    1667 |  14.5 |      38 |       6 |  13.6
     Lair:3 |    3257 |    4072 |  55.6 |      15 |      11 |  42.3
     Lair:4 |    8169 |    1016 |  11.1 |      23 |       2 |   8.0
     Lair:5 |   17634 |   12116 |  40.7 |      58 |      46 |  44.2
      Orc:1 |     722 |      41 |   5.4 |      15 |       1 |   6.2
      Orc:2 |    2776 |   11902 |  81.1 |      14 |      32 |  69.6
    Ossuary |       0 |     283 | 100.0 |       0 |      39 | 100.0
      IceCv |       0 |   12548 | 100.0 |       0 |      26 | 100.0
            +---------+---------+-------+---------+---------+-------
